General information
- name: BNet
- type: Ladder team game (AT/RT)
- host: Battle.net
- saver: bLinn
map: Dragonblight
- players: 6
- length: 26:35
- speed: Fast
- version: 1.21 W3XP
- replay type:

» download(206 KB)
Players
team 1 (winner)
bLinn (
blue | 102 APM | 2699 actions | 26:35)
4 Blademaster
2 Wind Walk
2 Critical Strike
3 Shadow Hunter
1 Hex
2 Healing Wave
» actions
| Assign group hotkey | 121 | |
| Basic commands | 13 | |
| Build / train | 92 | |
| Enter build submenu | 42 | |
| Enter hero's abilities submenu | 7 | |
| Remove unit from queue | 9 | |
| Right click | 1431 | |
| Select / deselect | 245 | |
| Select group hotkey | 639 | |
| Use ability | 100 | |
2699 total
» units
| Peon | 21 | |
| Grunt | 2 | |
| Demolisher | 6 | |
| Tauren | 2 | |
| Shaman | 2 | |
| Spirit Walker | 1 | |
34 total
» upgrades
| Spiked Barricades | 2 | |
| Berserker Strength | 1 | |
| Pillage | 1 | |
| Armor | 3 | |
| Burning Oil | 1 | |
| Reinforced Defenses | 1 | |
| Melee Weapons | 1 | |
| Shaman Training | 2 | |
| Pulverize | 1 | |
| Spirit Walker Training | 1 | |
14 total
» buildings
| Altar of Storms | 1 | |
| Orc Burrow | 7 | |
| War Mill | 2 | |
| Watch Tower | 15 | |
| Barracks | 2 | |
| Stronghold | 3 | |
| Voodoo Lounge | 2 | |
| Fortress | 3 | |
| Beastiary | 3 | |
| Spirit Lodge | 1 | |
| Tauren Totem | 1 | |
| Great Hall | 1 | |
41 total
» build order
00:03 Altar of Storms
00:12 Orc Burrow
00:26 War Mill
01:41 Orc Burrow
03:16 Watch Tower
03:18 Watch Tower
03:58 Barracks
04:00 Stronghold
04:00 Stronghold
04:18 Voodoo Lounge
04:23 Watch Tower
04:38 Watch Tower
05:13 Orc Burrow
05:18 Watch Tower
05:19 Watch Tower
05:30 Watch Tower
05:30 Watch Tower
06:29 Watch Tower
06:31 Watch Tower
07:26 Voodoo Lounge
07:39 Orc Burrow
08:10 Watch Tower
09:11 Watch Tower
09:24 War Mill
09:26 Fortress
09:27 Fortress
09:32 Beastiary
10:38 Watch Tower
10:40 Watch Tower
11:38 Spirit Lodge
12:04 Tauren Totem
12:48 Barracks
15:11 Orc Burrow
15:12 Orc Burrow
15:13 Orc Burrow
18:41 Beastiary
18:41 Beastiary
18:54 Watch Tower
25:52 Great Hall
» items
| Lesser Clarity Potion | 2 | |
| Healing Salve | 2 | |
| Orb of Lightning | 1 | |
| Scroll of Speed | 1 | |
6 total
dirtmcwordup (
pink | 77 APM | 2035 actions | 26:34)
6 Archmage
3 Summon Water Elemental
2 Brilliance Aura
1 Mass Teleport
» actions
| Assign group hotkey | 13 | |
| Basic commands | 34 | |
| Build / train | 92 | |
| ESC pressed | 6 | |
| Enter build submenu | 79 | |
| Enter hero's abilities submenu | 6 | |
| Right click | 967 | |
| Select / deselect | 310 | |
| Select group hotkey | 342 | |
| Use ability | 186 | |
2035 total
» units
| Peasant | 19 | |
| Mortar Team | 4 | |
| Priest | 2 | |
| Dragonhawk Rider | 8 | |
33 total
» upgrades
| Masonry | 3 | |
| Lumber Harvesting | 1 | |
| Magic Sentry | 1 | |
| Armor | 1 | |
| Priest Training | 1 | |
| Animal War Training | 1 | |
8 total
» buildings
| Lumber Mill | 2 | |
| Farm | 6 | |
| Altar of Kings | 1 | |
| Scout Tower | 89 | |
| Guard Tower | 39 | |
| Arcane Tower | 2 | |
| Keep | 1 | |
| Arcane Sanctum | 1 | |
| Blacksmith | 1 | |
| Workshop | 2 | |
| Castle | 1 | |
| Gryphon Aviary | 1 | |
| Arcane Vault | 2 | |
| Barracks | 1 | |
| Town Hall | 1 | |
150 total
» build order
00:22 Lumber Mill
00:25 Farm
01:08 Altar of Kings
01:12 Scout Tower
01:13 Scout Tower
01:15 Scout Tower
01:16 Scout Tower
01:41 Guard Tower
01:42 Guard Tower
02:05 Guard Tower
02:16 Farm
02:18 Farm
02:20 Guard Tower
02:23 Scout Tower
04:22 Scout Tower
04:22 Scout Tower
04:24 Scout Tower
04:24 Scout Tower
04:28 Scout Tower
04:30 Scout Tower
04:31 Scout Tower
04:33 Scout Tower
04:41 Scout Tower
04:42 Scout Tower
04:52 Arcane Tower
04:54 Arcane Tower
04:55 Guard Tower
05:06 Scout Tower
05:07 Scout Tower
05:07 Scout Tower
05:08 Scout Tower
05:15 Guard Tower
05:17 Guard Tower
05:26 Guard Tower
05:41 Guard Tower
05:45 Scout Tower
05:47 Scout Tower
05:48 Scout Tower
05:57 Guard Tower
06:01 Guard Tower
06:03 Scout Tower
06:04 Scout Tower
06:06 Guard Tower
06:38 Lumber Mill
06:41 Guard Tower
06:44 Guard Tower
07:05 Scout Tower
07:06 Scout Tower
07:07 Scout Tower
07:08 Scout Tower
07:09 Scout Tower
07:11 Guard Tower
07:15 Scout Tower
07:16 Scout Tower
07:17 Scout Tower
07:18 Scout Tower
07:19 Scout Tower
07:32 Scout Tower
07:40 Scout Tower
07:41 Scout Tower
07:48 Keep
08:25 Guard Tower
08:36 Guard Tower
08:49 Scout Tower
08:50 Scout Tower
08:51 Scout Tower
08:51 Scout Tower
09:01 Guard Tower
09:04 Scout Tower
09:07 Scout Tower
09:08 Scout Tower
09:09 Scout Tower
09:10 Scout Tower
09:20 Guard Tower
09:51 Guard Tower
10:02 Scout Tower
10:03 Guard Tower
10:13 Scout Tower
10:14 Scout Tower
10:16 Scout Tower
10:17 Scout Tower
10:30 Guard Tower
10:41 Scout Tower
10:42 Scout Tower
10:43 Scout Tower
10:44 Scout Tower
10:49 Arcane Sanctum
11:03 Blacksmith
11:28 Guard Tower
11:34 Scout Tower
11:46 Scout Tower
12:24 Guard Tower
12:28 Workshop
12:34 Workshop
12:44 Farm
12:45 Farm
13:54 Scout Tower
13:55 Scout Tower
13:57 Scout Tower
13:58 Scout Tower
14:05 Scout Tower
14:07 Scout Tower
15:05 Guard Tower
15:10 Scout Tower
15:11 Scout Tower
15:12 Scout Tower
15:14 Scout Tower
15:14 Scout Tower
15:15 Scout Tower
15:52 Guard Tower
16:06 Guard Tower
16:10 Scout Tower
16:11 Scout Tower
16:13 Castle
16:56 Guard Tower
16:59 Gryphon Aviary
17:13 Guard Tower
17:23 Guard Tower
17:48 Guard Tower
18:14 Scout Tower
18:16 Scout Tower
18:22 Arcane Vault
18:43 Scout Tower
18:44 Scout Tower
18:45 Scout Tower
18:45 Scout Tower
18:47 Scout Tower
18:48 Scout Tower
19:16 Scout Tower
19:17 Guard Tower
19:37 Scout Tower
20:51 Scout Tower
20:52 Scout Tower
20:53 Scout Tower
21:06 Barracks
21:10 Guard Tower
21:14 Scout Tower
21:16 Scout Tower
21:51 Guard Tower
21:57 Arcane Vault
22:12 Guard Tower
22:36 Guard Tower
22:39 Scout Tower
22:40 Scout Tower
22:42 Scout Tower
22:56 Guard Tower
23:11 Guard Tower
24:13 Town Hall
24:47 Guard Tower
25:28 Farm
Mata. (
orange | 134 APM | 3551 actions | 26:34)
5 Beastmaster
2 Summon Quilbeast
3 Summon Hawk
» actions
| Assign group hotkey | 262 | |
| Basic commands | 33 | |
| Build / train | 69 | |
| Enter build submenu | 16 | |
| Enter hero's abilities submenu | 5 | |
| Remove unit from queue | 2 | |
| Right click | 2332 | |
| Select / deselect | 568 | |
| Select group hotkey | 123 | |
| Use ability | 141 | |
3551 total
» units
» upgrades
| Vorpal Blades | 1 | |
| Well Spring | 1 | |
| Strength of the Moon | 2 | |
| Moon Armor | 0 | |
| Nature's Blessing | 1 | |
5 total
» buildings
| Moon Well | 8 | |
| Altar of Elders | 1 | |
| Ancient of War | 4 | |
| Tree of Ages | 1 | |
| Hunter's Hall | 2 | |
| Tree of Eternity | 1 | |
17 total
» build order
00:19 Moon Well
01:29 Altar of Elders
03:14 Moon Well
03:15 Moon Well
03:26 Moon Well
03:57 Ancient of War
04:03 Ancient of War
04:59 Moon Well
07:33 Moon Well
07:34 Moon Well
07:37 Moon Well
07:39 Tree of Ages
08:27 Ancient of War
08:30 Hunter's Hall
08:34 Hunter's Hall
11:27 Tree of Eternity
11:52 Ancient of War
» items
| Scroll of Speed | 2 | |
| Orb of Lightning | 1 | |
3 total
team 2 (loser)
fk0123 (
purple | 87 APM | 2306 actions | 26:30)
2 Demon Hunter
1 Mana Burn
1 Evasion
1 Keeper of the Grove
1 Entangling Roots
» actions
| Assign group hotkey | 115 | |
| Basic commands | 90 | |
| Build / train | 54 | |
| Enter build submenu | 19 | |
| Enter hero's abilities submenu | 3 | |
| Remove unit from queue | 2 | |
| Right click | 1549 | |
| Select / deselect | 221 | |
| Select group hotkey | 205 | |
| Use ability | 48 | |
2306 total
» units
| Wisp | 19 | |
| Glaive Thrower | 2 | |
| Huntress | 8 | |
| Chimaera | 7 | |
36 total
» upgrades
| Hardened Skin | 1 | |
| Corrosive Breath | 1 | |
| Strength of the Wild | 1 | |
| Reinforced Hides | 1 | |
4 total
» buildings
| Altar of Elders | 1 | |
| Moon Well | 7 | |
| Hunter's Hall | 1 | |
| Ancient of War | 3 | |
| Ancient of Wonders | 1 | |
| Tree of Ages | 1 | |
| Ancient of Lore | 1 | |
| Ancient of Wind | 1 | |
| Tree of Eternity | 1 | |
| Chimaera Roost | 3 | |
20 total
» build order
00:07 Altar of Elders
00:20 Moon Well
01:55 Hunter's Hall
01:57 Ancient of War
02:40 Ancient of War
02:44 Moon Well
03:59 Ancient of War
04:09 Ancient of Wonders
05:31 Tree of Ages
06:50 Moon Well
06:54 Moon Well
08:01 Ancient of Lore
09:02 Ancient of Wind
09:29 Tree of Eternity
12:00 Chimaera Roost
12:06 Chimaera Roost
12:50 Moon Well
14:12 Chimaera Roost
14:56 Moon Well
15:00 Moon Well
» items

»
ilaas2002 (
yellow | 74 APM | 1896 actions | 25:34)
4 Far Seer
2 Feral Spirit
2 Chain Lighting
3 Shadow Hunter
2 Hex
1 Serpent Ward
» actions
| Assign group hotkey | 30 | |
| Basic commands | 187 | |
| Build / train | 58 | |
| Enter build submenu | 18 | |
| Enter hero's abilities submenu | 8 | |
| Right click | 743 | |
| Select / deselect | 409 | |
| Select group hotkey | 342 | |
| Use ability | 101 | |
1896 total
» units
| Peon | 17 | |
| Grunt | 4 | |
| Demolisher | 10 | |
| Troll Batrider | 6 | |
37 total
» upgrades
» buildings
| Altar of Storms | 1 | |
| Orc Burrow | 5 | |
| Barracks | 2 | |
| Stronghold | 1 | |
| Voodoo Lounge | 1 | |
| War Mill | 2 | |
| Beastiary | 1 | |
| Watch Tower | 4 | |
17 total
» build order
00:09 Altar of Storms
00:20 Orc Burrow
00:51 Barracks
01:30 Orc Burrow
03:15 Stronghold
03:18 Voodoo Lounge
04:05 Orc Burrow
04:08 War Mill
05:13 Barracks
05:48 Beastiary
06:35 Orc Burrow
07:43 Orc Burrow
18:59 War Mill
20:45 Watch Tower
21:22 Watch Tower
21:37 Watch Tower
22:11 Watch Tower
» items
| Healing Salve | 3 | |
| Lesser Clarity Potion | 5 | |
| Potion of Healing | 2 | |
10 total
ilaas2007 (
green | 53 APM | 1403 actions | 26:33)
3 Far Seer
2 Feral Spirit
1 Chain Lighting
3 Tauren Chieftain
1 War Stomp
2 Endurance Aura
» actions
| Assign group hotkey | 39 | |
| Basic commands | 23 | |
| Build / train | 51 | |
| ESC pressed | 4 | |
| Enter build submenu | 27 | |
| Enter hero's abilities submenu | 6 | |
| Remove unit from queue | 1 | |
| Right click | 656 | |
| Select / deselect | 164 | |
| Select group hotkey | 356 | |
| Use ability | 76 | |
1403 total
» units
| Peon | 11 | |
| Grunt | 3 | |
| Troll Witch Doctor | 5 | |
| Tauren | 3 | |
| Demolisher | 6 | |
| Troll Headhunter/Berserker | 2 | |
| Shaman | 1 | |
31 total
» upgrades
| Witch Doctor Training | 2 | |
| Reinforced Defenses | 1 | |
| Burning Oil | 1 | |
| Ranged Weapons | 3 | |
7 total
» buildings
| Altar of Storms | 1 | |
| Orc Burrow | 6 | |
| Barracks | 1 | |
| Stronghold | 1 | |
| Voodoo Lounge | 1 | |
| War Mill | 1 | |
| Watch Tower | 11 | |
| Fortress | 1 | |
| Spirit Lodge | 1 | |
| Tauren Totem | 2 | |
26 total
» build order
00:09 Altar of Storms
00:21 Orc Burrow
00:36 Barracks
01:33 Orc Burrow
02:42 Stronghold
03:12 Voodoo Lounge
03:29 War Mill
04:59 Watch Tower
05:14 Watch Tower
05:16 Fortress
05:38 Spirit Lodge
05:52 Orc Burrow
07:31 Watch Tower
07:42 Watch Tower
07:55 Tauren Totem
08:01 Watch Tower
08:11 Watch Tower
08:24 Watch Tower
08:38 Watch Tower
09:22 Orc Burrow
10:29 Watch Tower
10:45 Tauren Totem
11:13 Watch Tower
12:04 Orc Burrow
12:20 Watch Tower
15:42 Orc Burrow
» items
Chat log
(00:01 / Allies) bLinn: 100g
(00:17 / Allies) dirtmcwordup: let me show u......how a man does it.
(01:19 / Allies) bLinn: oh we're doing that again
(01:29 / Allies) dirtmcwordup: gold please
(01:35 / Allies) dirtmcwordup: and a lil lum
(01:56 / Allies) bLinn: am i going left or right
(02:01 / Allies) bLinn: aight
(02:11 / Allies) dirtmcwordup: mad wood
(02:30 / Allies) Mata.: no arcane tower gg
(02:35 / Allies) bLinn: el gg
(03:41 / Allies) dirtmcwordup: god it takes militia like1 5 years
(03:43 / Allies) dirtmcwordup: to get here
(04:10 / Allies) Mata.: gonna bring the fight to their doorstep
(04:11 / Allies) dirtmcwordup: oteigh
(04:39 / Allies) bLinn: any spare Gs?
(04:46 / Allies) bLinn: thanks
(04:47 / Allies) Mata.: timg has a lot
(04:49 / Allies) bLinn: just for grunts & shit
(05:08 / Allies) Mata.: a tol?
(05:16 / Allies) Mata.: militia mb
(05:27 / Allies) dirtmcwordup: wood
(05:34 / Allies) Mata.: tower tht
(06:06 / Allies) Mata.: gonna make a 4x wide tunnel into hu base, line the top and bottom of the tunnel with tows
(06:36 / Allies) dirtmcwordup: lum
(06:48 / Allies) Mata.: get to working on the love tunnel now please
(06:54 / Allies) dirtmcwordup: what tun
(06:56 / Allies) dirtmcwordup: was militiaing
(07:06 / Allies) Mata.: line top and bottom
(07:08 / Allies) Mata.: with towers yeah
(09:22 / Allies) dirtmcwordup: resources
(09:44 / Allies) dirtmcwordup: push forward
(09:47 / Allies) dirtmcwordup: to here
(11:23 / Allies) dirtmcwordup: damn
(11:37 / Allies) Mata.: making siege
(11:41 / Allies) bLinn: i have some but
(11:49 / Allies) bLinn: hard to get it here
(11:55 / Allies) dirtmcwordup: make rax
(12:01 / Allies) bLinn: rax up here
(12:05 / Allies) Mata.: yes
(12:06 / Allies) Mata.: make rax
(12:11 / Allies) bLinn: jeez ok
(13:23 / Allies) dirtmcwordup: need wisp
(14:00 / Allies) bLinn: burning oil here
(14:03 / Allies) bLinn: make way
(14:19 / Allies) dirtmcwordup: this falling & hard
(14:34 / Allies) Mata.: stop blocking with your arch
(15:42 / Allies) dirtmcwordup: you pick the best spots to place siege
(15:44 / Allies) dirtmcwordup: lemme tell you
(16:43 / Allies) Mata.: my siege will hold east front
(16:45 / Allies) Mata.: your siege hold west
(16:46 / Allies) bLinn: o hog chvim
(18:21 / Allies) bLinn: should i get bats
(18:23 / Allies) bLinn: hawks would be much better
(18:25 / Allies) Mata.: yes
(18:32 / Allies) bLinn: i'm at like 50 already anywa
(18:34 / Allies) dirtmcwordup: getting some hawk
(18:37 / Allies) dirtmcwordup: but bat good too
(18:55 / Allies) dirtmcwordup: who opened this.
(18:58 / Allies) Mata.: i did
(19:07 / Allies) dirtmcwordup: can you siege him
(19:08 / Allies) dirtmcwordup: please
(19:10 / Allies) dirtmcwordup: instead of running away
(19:11 / Allies) Mata.: that's blinns territory
(19:16 / Allies) bLinn: arhghg
(19:22 / Allies) dirtmcwordup: god blinn
(19:26 / Allies) dirtmcwordup: are you backstabbing on porpoise
(19:35 / Allies) Mata.: this is why timg
(19:42 / Allies) dirtmcwordup: all you gotta do
(19:45 / Allies) dirtmcwordup: is hit yellow with siege
(19:55 / Allies) bLinn: oh is that it
(19:57 / Allies) bLinn: i didn't realise
(21:38 / Allies) dirtmcwordup: dont lose this please blinn
(21:56 / Allies) Mata.: hmmmm
(21:59 / Allies) Mata.: gonna aow creep my mine soon
(22:31 / Allies) dirtmcwordup: ill creep some spansions
(22:50 / Allies) dirtmcwordup: wod pleas
(23:50 / Allies) Mata.: got purps main but no tech
(24:08 / Allies) Mata.: blinn you gotta hold my line too
(24:10 / Allies) Mata.: while i'm gone
(24:21 / Allies) Mata.: need some hawk
(24:24 / Allies) dirtmcwordup: ill creep for you
(24:38 / Allies) Mata.: we kind of need hawk though
(24:41 / Allies) dirtmcwordup: coming
(24:47 / Allies) bLinn: yellow base almost dead
(24:49 / Allies) bLinn: gonna manner spand